 Dungeon Crawl Stone Soup version 0.21.0-25-ge575cb9ce8 (webtiles) character file.

9121 Artagas the Thaumaturge (level 11, -3/81 HPs)
             Began as a Gnoll Wizard on Jan 23, 2018.
             Was a Priest of Sif Muna.
             Hit by a large rock thrown by a cyclops (31 damage)
             ... on level 10 of the Dungeon.
             The game lasted 00:55:20 (15844 turns).

Artagas the Thaumaturge (Gnoll Wizard)             Turns: 15844, Time: 00:55:21

Health: -3/81      AC:  8    Str: 13    XL:     11   Next: 41%
Magic:  22/24      EV: 17    Int: 20    God:    Sif Muna [***...]
Gold:   351        SH:  5    Dex: 14    Spells: 21/29 levels left

rFire    . . .     SeeInvis .   a - +1 dagger (drain)
rCold    + . .     Gourm    +   B - +0 buckler (curse)
rNeg     . . .     Faith    .   E - +1 robe {MR+}
rPois    .         Spirit   .   s - +0 helmet
rElec    .         Reflect  .   p - +0 cloak
rCorr    .         Harm     .   x - +0 pair of gloves
MR       +....                  w - +0 pair of boots
Stlth    ++++......             K - amulet of the gourmand
HPRegen  0.23/turn              i - ring of protection from cold
MPRegen  0.19/turn              (no ring)

@: no status effects
A: distributed training, fangs 1, strong nose
a: Divine Energy, Channel Magic, Renounce Religion


You were on level 10 of the Dungeon.
You worshipped Sif Muna.
Sif Muna was most pleased with you.
You were not hungry.

You visited 2 branches of the dungeon, and saw 11 of its levels.

You collected 510 gold pieces.
You spent 159 gold pieces at shops.

Inventory:

Hand Weapons
 a - a +1 dagger of draining (weapon)
 b - a +3 hunting sling
 V - a +2 whip of freezing
Missiles
 Q - 31 sling bullets
Armour
 p - a +0 cloak (worn)
 s - a +0 helmet (worn)
 w - a +0 pair of boots (worn)
 x - a +0 pair of gloves (worn)
 B - a cursed +0 buckler (worn)
 D - a +2 chain mail of positive energy
 E - a +1 robe of magic resistance (worn)
Magical Staves
 U - an uncursed staff of air
Jewellery
 i - a ring of protection from cold (left hand)
 K - an amulet of the gourmand (around neck)
Wands
 f - a wand of random effects (8)
 l - a wand of disintegration (20)
 r - a wand of polymorph (3)
 z - a wand of flame (30)
 O - a wand of enslavement (16)
 P - a wand of iceblast (14)
 T - a wand of digging (13)
Scrolls
 c - a scroll of amnesia
 e - 8 scrolls of remove curse
 h - 2 scrolls of fear {unknown}
 j - 2 scrolls of teleportation
 m - 3 scrolls of blinking
 v - 2 scrolls of immolation
 y - 2 scrolls of fog {unknown}
 A - 3 scrolls of magic mapping {unknown}
 H - a scroll of vulnerability {unknown}
 M - a scroll of enchant armour {unknown}
 W - a scroll of holy word {unknown}
Potions
 g - 4 potions of curing
 k - 2 potions of haste
 o - a potion of heal wounds
 q - 3 potions of agility
 u - 4 potions of might
 C - 2 potions of brilliance
 F - a potion of magic
 I - a potion of invisibility
 J - a potion of cancellation
 L - 2 potions of mutation
 N - a potion of ambrosia {unknown}
Comestibles
 d - 23 rations
 n - a chunk of flesh


   Skills:
 + Level 6.1 Fighting
 + Level 6.1 Short Blades
 + Level 6.1 Long Blades
 + Level 6.1 Axes
 + Level 6.1 Maces & Flails
 + Level 6.1 Polearms
 + Level 6.1 Staves
 + Level 6.1 Slings
 + Level 6.1 Bows
 + Level 6.1 Crossbows
 + Level 6.1 Throwing
 + Level 6.1 Armour
 + Level 7.7 Dodging
 + Level 7.5 Stealth
 + Level 6.1 Shields
 + Level 6.1 Unarmed Combat
 + Level 9.5 Spellcasting
 + Level 5.6 Conjurations
 + Level 5.1 Hexes
 + Level 5.1 Charms
 + Level 5.6 Summonings
 + Level 5.1 Necromancy
 + Level 5.6 Translocations
 + Level 5.1 Transmutations
 + Level 5.1 Fire Magic
 + Level 5.1 Ice Magic
 + Level 5.1 Air Magic
 + Level 5.1 Earth Magic
 + Level 5.1 Poison Magic
 + Level 6.7 Invocations
 + Level 6.1 Evocations


You had 21 spell levels left.
You knew the following spells:

 Your Spells              Type           Power        Failure   Level  Hunger
a - Magic Dart            Conj           ####         1%          1    None
b - Mephitic Cloud        Conj/Pois/Air  ####....     2%          3    None
c - Slow                  Hex            ####....     1%          2    None
e - Blink                 Tloc           N/A          1%          2    None


Dungeon Overview and Level Annotations

Branches:
Dungeon (10/15)            Temple (1/1) D:5            Lair (0/6) D:8
    Orc (0/2) D:9

Altars:
Ashenzari
Cheibriados
Dithmenos
Elyvilon
Fedhas
Gozag
Hepliaklqana
Kikubaaqudgha
Makhleb
Nemelex Xobeh
Okawaru
Qazlal
Ru
Sif Muna
Trog
Uskayaw
Vehumet
Wu Jian
Xom
Yredelemnul
Zin
The Shining One

Shops:
D:6 ?

Annotations:
D:6 1 runed door


Innate Abilities, Weirdness & Mutations

Your experience applies equally to all skills.
You have very sharp teeth.
Your uncanny sense of smell can sniff out nearby items.


Message History

Casting: Mephitic Cloud
Confirm with . or Enter, or press ? or * to list all spells.
You can't see any susceptible monsters within range! (Use Z to cast anyway.)
Casting: Mephitic Cloud
Confirm with . or Enter, or press ? or * to list all spells.
Aiming: Magic Dart
Press: ? - help, Shift-Dir - straight line, f - phantom
Aim: a phantom (almost destroyed)
The magic dart hits the phantom.
You destroy the phantom!
Sif Muna accepts your kill. You block something's attack. Something hits you!
Something hits you. Something closely misses you. Something hits you.
Something completely misses you. Something hits you but does no damage.
Something hits you!
The cyclops throws a large rock.
The large rock hits you!!
You die...

................#...#...#
#######'
#.....#C..#...### ....
#.....#...#.....# ....
#.....#(###.....# .....
#'##..(.........# .....
.. #............######
.....> ...
###..#####........# ....#
## #..'...#........#
....# #@.#...#........#
....#
#...'..#...#........#
....# #...#..#
..#..####### ....##
#...#..#####..# ......
.... ##........# #'##..
.......#........# ...#..
.......#........# ...###
...... #........# .....#
##'####........#


You could see a cyclops.

Vanquished Creatures
  A centaur warrior (D:10)
  3 two-headed ogres
  Pikel (D:8)
  A manticore (D:9)
  An ugly thing (D:9)
  Joseph (D:8)
  A troll (D:10)
  A hippogriff (D:8)
  Sigmund (D:3)
  A spriggan (D:8)
  A hungry ghost (D:9)
  Menkaure (D:7)
  5 orc warriors
  2 phantoms
  A swamp drake (D:9)
  A slave (D:8)
  4 sky beasts
  A black bear (D:8)
  The ghost of kmx the Charmwright, an amateur GnSk of Makhleb (D:3)
  6 ogres
  3 centaurs
  Blork the orc (D:5)
  7 bullfrogs
  A gnoll sergeant (D:10)
  2 scorpions (D:10)
  6 killer bees (D:9)
  A howler monkey (D:7)
  4 crimson imps
  2 centaur zombies
  A jelly (D:8)
  A bullfrog zombie (D:6)
  4 hounds
  11 orc priests
  4 bullfrog skeletons
  A centaur skeleton (D:7)
  3 iguanas
  4 orc wizards
  Natasha (thrice) (D:3)
  5 worker ants
  A hound skeleton (D:5)
  Robin (D:3)
  7 gnolls
  13 adders
  A hound simulacrum (D:10)
  2 shadow imps (D:8)
  An adder zombie (D:8)
  4 adder skeletons
  A worm (D:3)
  2 dart slugs
  4 leopard geckos
  30 orcs
  A ball python (D:3)
  8 giant cockroaches
  18 goblins
  10 hobgoblins
  6 jackals
  5 quokkas
  3 bats
  3 frilled lizards
  10 kobolds
  A quokka skeleton (D:8)
  A quokka zombie (D:9)
  8 rats
240 creatures vanquished.

Vanquished Creatures (collateral kills)
  An orc (D:6)
1 creature vanquished.

Grand Total: 241 creatures vanquished

Notes
Turn   | Place    | Note
-------+----------+-------------------------------------------
     0 | D:1      | Artagas the Gnoll Wizard began the quest for the Orb.
     0 | D:1      | Reached XP level 1. HP: 13/13 MP: 8/8
   289 | D:1      | Reached XP level 2. HP: 19/19 MP: 7/10
   330 | D:1      | Learned a level 2 spell: Blink
   333 | D:1      | Learned a level 2 spell: Slow
   412 | D:1      | Found a shattered altar of Ashenzari.
  1068 | D:2      | Reached XP level 3. HP: 20/25 MP: 8/11
  1069 | D:2      | Reached skill level 1 in Invocations
  1297 | D:2      | Reached skill level 1 in Fighting
  1297 | D:2      | Reached skill level 1 in Short Blades
  1297 | D:2      | Reached skill level 1 in Long Blades
  1297 | D:2      | Reached skill level 1 in Axes
  1297 | D:2      | Reached skill level 1 in Maces & Flails
  1297 | D:2      | Reached skill level 1 in Polearms
  1297 | D:2      | Reached skill level 1 in Staves
  1297 | D:2      | Reached skill level 1 in Slings
  1297 | D:2      | Reached skill level 1 in Bows
  1297 | D:2      | Reached skill level 1 in Crossbows
  1297 | D:2      | Reached skill level 1 in Throwing
  1297 | D:2      | Reached skill level 1 in Armour
  1297 | D:2      | Reached skill level 1 in Shields
  1297 | D:2      | Reached skill level 1 in Unarmed Combat
  1297 | D:2      | Reached skill level 1 in Evocations
  1297 | D:2      | Reached XP level 4. HP: 24/32 MP: 13/13
  1731 | D:2      | Learned a level 2 spell: Call Imp
  2033 | D:2      | Reached skill level 1 in Hexes
  2033 | D:2      | Reached skill level 1 in Charms
  2033 | D:2      | Reached skill level 1 in Necromancy
  2033 | D:2      | Reached skill level 1 in Transmutations
  2033 | D:2      | Reached skill level 1 in Fire Magic
  2033 | D:2      | Reached skill level 1 in Ice Magic
  2033 | D:2      | Reached skill level 1 in Air Magic
  2033 | D:2      | Reached skill level 1 in Earth Magic
  2033 | D:2      | Reached skill level 1 in Poison Magic
  2055 | D:2      | Reached XP level 5. HP: 14/37 MP: 10/14
  2742 | D:3      | Noticed Sigmund
  2809 | D:3      | Killed Sigmund
  2809 | D:3      | Reached skill level 5 in Dodging
  2809 | D:3      | Reached XP level 6. HP: 28/44 MP: 8/16
  2949 | D:3      | Noticed kmx's ghost (amateur GnSk)
  3289 | D:3      | Learned a level 3 spell: Mephitic Cloud
  3719 | D:3      | Found a blossoming altar of Fedhas.
  3822 | D:3      | Noticed Natasha
  3844 | D:3      | Killed Natasha
  3901 | D:3      | Noticed Robin
  3919 | D:3      | Killed Robin
  3993 | D:3      | Noticed Natasha
  3997 | D:3      | Killed Natasha
  3997 | D:3      | Reached XP level 7. HP: 13/50 MP: 10/18
  4269 | D:3      | Found an ornate altar of the Wu Jian Council.
  4357 | D:3      | Noticed Natasha
  4368 | D:3      | Killed Natasha
  4606 | D:3      | Killed kmx's ghost
  5228 | D:4      | Reached skill level 5 in Stealth
  5899 | D:5      | Entered Level 5 of the Dungeon
  5945 | D:5      | Reached XP level 8. HP: 57/57 MP: 12/19
  6020 | D:5      | Found a staircase to the Ecumenical Temple.
  6029 | Temple   | Entered the Ecumenical Temple
  6256 | D:5      | Found a glowing silver altar of Zin.
  6445 | D:5      | Noticed Blork the orc
  6678 | D:5      | Killed Blork the orc
  6702 | D:5      | Found a deep blue altar of Sif Muna.
  6748 | D:5      | Became a worshipper of Sif Muna the Loreminder
  7122 | D:6      | Reached skill level 8 in Spellcasting
  7424 | D:6      | Found a runed door.
  7424 | D:6      | Noticed an angel
  7425 | D:6      | Found a glowing golden altar of the Shining One.
  7479 | D:6      | Found Xuaxte's Magic Scroll Boutique.
  7487 | D:6      | Bought a scroll of teleportation for 33 gold pieces
  7487 | D:6      | Bought a scroll of blinking for 82 gold pieces
  7487 | D:6      | Bought a scroll of identify for 22 gold pieces
  7487 | D:6      | Bought a scroll of identify for 22 gold pieces
  7916 | D:6      | Reached XP level 9. HP: 49/65 MP: 19/21
  8868 | D:7      | Found a sparkling altar of Nemelex Xobeh.
  8943 | D:7      | Found a burning altar of Makhleb.
  9019 | D:7      | Found a hazy altar of Hepliaklqana.
  9022 | D:7      | Found a bloodstained altar of Trog.
  9025 | D:7      | Found a sacrificial altar of Ru.
  9262 | D:7      | Noticed Menkaure
  9275 | D:7      | Killed Menkaure
  9275 | D:7      | Reached * piety under Sif Muna
 10283 | D:8      | Found a staircase to the Lair.
 10291 | D:8      | Found a white marble altar of Elyvilon.
 10333 | D:8      | Found an opulent altar of Gozag.
 10334 | D:8      | Noticed a two-headed ogre
 10492 | D:8      | Killed a two-headed ogre
 10492 | D:8      | Reached skill level 5 in Invocations
 10492 | D:8      | Reached XP level 10. HP: 73/73 MP: 4/22
 10861 | D:8      | Noticed Pikel
 10911 | D:8      | Killed Pikel
 10911 | D:8      | Reached ** piety under Sif Muna
 10911 | D:8      | Reached skill level 5 in Fighting
 10911 | D:8      | Reached skill level 5 in Short Blades
 10911 | D:8      | Reached skill level 5 in Long Blades
 10911 | D:8      | Reached skill level 5 in Axes
 10911 | D:8      | Reached skill level 5 in Maces & Flails
 10911 | D:8      | Reached skill level 5 in Polearms
 10911 | D:8      | Reached skill level 5 in Staves
 10911 | D:8      | Reached skill level 5 in Slings
 10911 | D:8      | Reached skill level 5 in Bows
 10911 | D:8      | Reached skill level 5 in Crossbows
 10911 | D:8      | Reached skill level 5 in Throwing
 10911 | D:8      | Reached skill level 5 in Armour
 10911 | D:8      | Reached skill level 5 in Shields
 10911 | D:8      | Reached skill level 5 in Unarmed Combat
 10911 | D:8      | Reached skill level 5 in Evocations
 11108 | D:8      | Noticed Joseph
 11723 | D:8      | Killed Joseph
 12179 | D:9      | Reached skill level 9 in Spellcasting
 12616 | D:9      | Reached skill level 5 in Conjurations
 12616 | D:9      | Reached skill level 5 in Summonings
 12616 | D:9      | Reached skill level 5 in Translocations
 12689 | D:9      | Noticed a manticore
 12709 | D:9      | Killed a manticore
 12718 | D:9      | Noticed a white ugly thing
 12730 | D:9      | HP: 3/74 [white ugly thing (10)]
 12732 | D:9      | Killed a white ugly thing
 13459 | D:9      | Reached XP level 11. HP: 63/81 MP: 14/24
 13569 | D:9      | Found a staircase to the Orcish Mines.
 14209 | D:10     | Entered Level 10 of the Dungeon
 14216 | D:10     | Noticed a two-headed ogre
 14230 | D:10     | Noticed a centaur warrior
 14516 | D:10     | Killed a two-headed ogre
 14663 | D:10     | Noticed a two-headed ogre
 14682 | D:9      | Reached *** piety under Sif Muna
 14762 | D:9      | Killed a two-headed ogre
 14762 | D:9      | Reached skill level 5 in Hexes
 14762 | D:9      | Reached skill level 5 in Charms
 14762 | D:9      | Reached skill level 5 in Necromancy
 14762 | D:9      | Reached skill level 5 in Transmutations
 14762 | D:9      | Reached skill level 5 in Fire Magic
 14762 | D:9      | Reached skill level 5 in Ice Magic
 14762 | D:9      | Reached skill level 5 in Air Magic
 14762 | D:9      | Reached skill level 5 in Earth Magic
 14762 | D:9      | Reached skill level 5 in Poison Magic
 15313 | D:10     | Killed a centaur warrior
 15826 | D:10     | Noticed a cyclops
 15844 | D:10     | Hit by a large rock thrown by a cyclops

Skill      XL: |  1  2  3  4  5  6  7  8  9 10 11 |
---------------+----------------------------------+-----
Conjurations   | 2 3 4 5 |  5.6
Summonings     | 2 3 4 5 |  5.6
Translocations | 2 3 4 5 |  5.6
Invocations    | 1 2 3 4 5 6 |  6.7
Fighting       | 1 2 3 4 5 6 |  6.1
Short Blades   | 1 2 3 4 5 6 |  6.1
Long Blades    | 1 2 3 4 5 6 |  6.1
Axes           | 1 2 3 4 5 6 |  6.1
Maces & Flails | 1 2 3 4 5 6 |  6.1
Polearms       | 1 2 3 4 5 6 |  6.1
Staves         | 1 2 3 4 5 6 |  6.1
Slings         | 1 2 3 4 5 6 |  6.1
Bows           | 1 2 3 4 5 6 |  6.1
Crossbows      | 1 2 3 4 5 6 |  6.1
Throwing       | 1 2 3 4 5 6 |  6.1
Armour         | 1 2 3 4 5 6 |  6.1
Shields        | 1 2 3 4 5 6 |  6.1
Unarmed Combat | 1 2 3 4 5 6 |  6.1
Evocations     | 1 2 3 4 5 6 |  6.1
Hexes          | 1 2 3 4 5 |  5.1
Charms         | 1 2 3 4 5 |  5.1
Necromancy     | 1 2 3 4 5 |  5.1
Transmutations | 1 2 3 4 5 |  5.1
Fire Magic     | 1 2 3 4 5 |  5.1
Ice Magic      | 1 2 3 4 5 |  5.1
Air Magic      | 1 2 3 4 5 |  5.1
Earth Magic    | 1 2 3 4 5 |  5.1
Poison Magic   | 1 2 3 4 5 |  5.1
Dodging        | 5 6 7 |  7.7
Stealth        | 5 6 7 |  7.5
Spellcasting   | 8 9 |  9.5

Action                   |  1- 3 |  4- 6 |  7- 9 | 10-12 || total
-------------------------+-------+-------+-------+-------++-------
Melee: Whip              |     2 |       |    48 |    42 ||    92
       Dagger            |    19 |   117 |   348 |   232 ||   716
       Bite              |     2 |     8 |    46 |    33 ||    89
       Staff             |       |       |       |    51 ||    51
 Fire: Hunting sling     |       |       |       |    49 ||    49
 Cast: Magic Dart        |    38 |    93 |   212 |   147 ||   490
       Slow              |     1 |     1 |     1 |       ||     3
       Blink             |     1 |       |     4 |     7 ||    12
       Call Imp          |       |     3 |     2 |     3 ||     8
       Mephitic Cloud    |       |     1 |    17 |    33 ||    51
Evoke: Wand              |       |     4 |       |     5 ||     9
  Use: Scroll            |       |     8 |     4 |     6 ||    18
       Potion            |       |       |       |     2 ||     2
 Stab: Sleeping          |       |     1 |     6 |     4 ||    11
       Confused          |       |     1 |     3 |    15 ||    19
       Distracted        |       |       |     1 |       ||     1
  Eat: Chunk             |     1 |     5 |    20 |    20 ||    46
       Ration            |       |     1 |     2 |       ||     3
Armor: Robe              |       |    16 |    73 |    61 ||   150
       Skin              |       |     3 |       |       ||     3
Dodge: Dodged            |    17 |    80 |   203 |   237 ||   537
Block: Buckler           |     6 |    27 |    69 |    76 ||   178
